 Dungeon Crawl Stone Soup version 0.17-a0-1176-g3d5a0d0 (webtiles) character file.

821 Gorice the Cutter (level 8, -2/51 HPs)
             Began as a Kobold Wanderer on May 30, 2015.
             Slain by Prince Ribbit (8 damage)
             ... on level 5 of the Dungeon.
             The game lasted 00:19:44 (4456 turns).

Gorice the Cutter (Kobold Wanderer)                 Turns: 4456, Time: 00:19:44

Health: -2/51      AC:  6    Str: 10    XL:     8   Next: 16%
Magic:  8/8        EV:  6    Int: 11    God:
Gold:   205        SH:  0    Dex: 17    Spells: 0 memorised, 7 levels left

rFire  . . .     SeeInvis .     b - +0 shortbow
rCold  . . .     Clarity  .     t - +0 ring mail
rNeg   . . .     SustAt   .     (shield restricted)
rPois  .         Gourm    .     (no helmet)
rElec  .         Spirit   .     (no cloak)
rCorr  .         Warding  .     (no gloves)
rMut   .         Stasis   .     s - +0 pair of boots
MR     .....                    (no amulet)
Stlth  ++........               (no ring)
                                (no ring)

@: heavily drained, not resistant to hostile enchantments, unstealthy
A: carnivore 3
a: no special abilities


You were on level 5 of the Dungeon.
You were completely stuffed.

You visited 1 branch of the dungeon, and saw 5 of its levels.

You collected 205 gold pieces.

Inventory:

Hand weapons
 a - a +0 short sword
 b - a +0 shortbow (weapon)
 h - a +0 dagger
 l - a +2 hand axe
 B - a +0 long sword
Missiles
 i - 30 sling bullets of flame
 o - 18 poisoned needles
 y - 2 tomahawks of returning
 z - 5 poisoned arrows (quivered)
 E - 16 arrows
 H - 6 curare-tipped needles
 I - 4 needles of confusion
 Z - 103 stones
Armour
 d - a +0 robe
 r - a +0 leather armour
 s - a +0 pair of boots (worn)
 t - a +0 ring mail (worn)
Magical devices
 c - a wand of random effects (3)
 g - a wand of flame (15)
 m - a wand of enslavement (4)
 J - a wand of flame (24)
Scrolls
 k - 2 scrolls of remove curse
 A - a scroll of amnesia
 D - a scroll of fear {unknown}
 G - a scroll of recharging {unknown}
Potions
 f - 2 potions of haste {unknown}
 j - 2 potions of curing
 p - a potion of might {!q}
 q - a potion of heal wounds {!q}
 w - a potion of agility {unknown}
 x - 3 potions of lignification {!q}
 C - a potion of ambrosia {unknown}
 F - 2 potions of resistance {unknown}
Comestibles
 e - 4 meat rations {!e}
 n - 3 chunks of flesh
 u - a beef jerky


   Skills:
 + Level 6.1(4.0) Fighting
 * Level 7.2(5.0) Short Blades
 - Level 2.6(0.7) Axes
 - Level 1.0(0.0) Armour
 - Level 1.2(0.0) Dodging
 - Level 5.5(3.4) Stealth
 - Level 1.0(0.0) Unarmed Combat
 - Level 1.2(0.0) Evocations


You had 7 spell levels left.
You didn't know any spells.

Dungeon Overview and Level Annotations

Branches:
Dungeon (5/15)
 Temple: D:4-7

Altars:
Nemelex Xobeh
Vehumet
Xom
Yredelemnul
The Shining One

Annotations:
D:5 Duvessa, Prince Ribbit, Sigmund


Innate Abilities, Weirdness & Mutations

You are small and have problems with some larger weapons.
You are carnivorous and can eat meat at any time.


Message History

Duvessa hits you with a short sword of draining!
You feel drained.
Duvessa hits you with a short sword of draining!
* * * LOW HITPOINT WARNING * * *
You feel drained.
* * * LOW HITPOINT WARNING * * *
Damage: 35 (max 35) Unknown command.
Unknown command.
Duvessa hits you with a short sword of draining.
* * * LOW HITPOINT WARNING * * *
You feel drained.
* * * LOW HITPOINT WARNING * * *
Damage: 4 (max 35) Unknown command.
Unknown command.
Unknown command.
Read which item? (? for menu, Esc to quit)
Okay, then.
Drink which item? (? for menu, Esc to quit)
Really quaff
q - 2 potions of heal wounds {!q}?
You feel much better.
Duvessa hits you with a short sword of draining.
You feel drained.
Unknown command.
Read which item? (? for menu, Esc to quit)
Really read
v - a scroll of teleportation {!r}?
As you read the scroll of teleportation {!r}, it crumbles to dust.
You feel strangely unstable.
Duvessa hits you with a short sword of draining!
You feel drained.
Damage: 12 (max 35) Unknown command.
Duvessa misses you.
Prince Ribbit gives a loud, deep croak!
Duvessa hits you with a short sword of draining!
* * * LOW HITPOINT WARNING * * *
You feel drained.
Damage: 12 (max 35) Unknown command.
Your surroundings seem slightly different.
Unknown command.
Prince Ribbit blinks!
There is a stone staircase leading down here.
Things that are here:
a leather armour; a hand axe You hear a shout!
There is a stone staircase leading up here.
Prince Ribbit hits you!
You die...

### ##.####
##.....#######
#......@F)...##
#<......e.>...#
##...#######...##
#...## ##@..#
##.)## ##..#
########...# #.@#
..........## #..#
..........# #..#
########..###
#..#


You could see Prince Ribbit, Duvessa (berserk) and Sigmund.

Vanquished Creatures
  An ogre (D:3)
  2 centaurs
  The ghost of Hanyuu the Insei, an average OpTm (D:3)
  2 scorpions (D:4)
  Dowan (D:5)
  An orc wizard (D:4)
  A centaur skeleton (D:4)
  2 worker ants (D:4)
  11 adders
  An ooze (D:2)
  2 giant geckos
  12 orcs
  7 bats
  5 giant cockroaches
  2 gnoll zombies (D:3)
  14 goblins
  12 hobgoblins
  6 kobolds
  A ball python (D:1)
  4 giant newts
  A jackal skeleton (D:4)
  A quokka (D:2)
  A quokka skeleton (D:4)
  8 rats
99 creatures vanquished.

Vanquished Creatures (others)
  The ghost of Zooty the Cudgeler, an average OpWn of Ru (D:5)
1 creature vanquished.

Grand Total: 100 creatures vanquished

Notes
Turn   | Place    | Note
--------------------------------------------------------------
     0 | D:1      | Gorice the Kobold Wanderer began the quest for the Orb.
     0 | D:1      | Gorice set off with: a +2 hand axe, a potion of lignification {!q}, a wand of random effects (15), a +0 robe, a meat ration {!e}
     0 | D:1      | Reached XP level 1. HP: 12/12 MP: 1/1
   108 | D:1      | Reached skill level 2 in Stealth
   258 | D:1      | Reached XP level 2. HP: 12/18 MP: 2/2
   669 | D:1      | Reached skill level 3 in Stealth
   877 | D:1      | Reached XP level 3. HP: 22/22 MP: 3/3
  1016 | D:2      | Reached skill level 3 in Fighting
  1068 | D:2      | HP: 6/23 [adder (4)]
  1193 | D:2      | Reached XP level 4. HP: 28/28 MP: 4/4
  1223 | D:2      | Reached skill level 4 in Stealth
  1826 | D:3      | Noticed Hanyuu's ghost (average OpTm)
  1849 | D:3      | HP: 4/29 [Hanyuu's ghost (6)]
  1850 | D:3      | Killed Hanyuu's ghost
  1850 | D:3      | Reached skill level 4 in Fighting
  1850 | D:3      | Reached skill level 5 in Stealth
  1850 | D:3      | Reached XP level 5. HP: 4/34 MP: 5/5
  2059 | D:3      | Noticed an ogre
  2072 | D:3      | Found a radiant altar of Vehumet.
  2194 | D:3      | Reached skill level 1 in Short Blades
  2374 | D:3      | Found a shimmering altar of Xom.
  2378 | D:3      | Found a sparkling altar of Nemelex Xobeh.
  2390 | D:3      | Found a glowing golden altar of the Shining One.
  2485 | D:3      | Found a basalt altar of Yredelemnul.
  2663 | D:4      | Reached XP level 6. HP: 39/39 MP: 6/6
  2692 | D:4      | Reached skill level 2 in Short Blades
  2897 | D:4      | Reached skill level 3 in Short Blades
  2902 | D:4      | HP: 12/40 [poisoned by a scorpion]
  2908 | D:4      | HP: 10/40 [poisoned by a scorpion]
  2913 | D:4      | HP: 8/40 [poisoned by a scorpion]
  2921 | D:4      | HP: 7/40 [poisoned by a scorpion]
  3085 | D:4      | Reached skill level 4 in Short Blades
  3212 | D:4      | Reached skill level 5 in Fighting
  3212 | D:4      | Reached XP level 7. HP: 22/44 MP: 7/7
  3340 | D:4      | Noticed a centaur
  3373 | D:4      | HP: 12/44 [centaur (6)]
  3374 | D:4      | Killed a centaur
  3374 | D:4      | Reached skill level 5 in Short Blades
  3591 | D:5      | Entered Level 5 of the Dungeon
  3630 | D:5      | Noticed Zooty's ghost (average OpWn)
  3634 | D:5      | Zooty's ghost (ally) was killed
  3634 | D:5      | Your ally Zooty died
  3645 | D:5      | HP: 12/44 [centaur (5)]
  3646 | D:5      | Reached skill level 6 in Short Blades
  3681 | D:5      | Noticed Prince Ribbit
  3964 | D:3      | Killed an ogre
  3964 | D:3      | Reached XP level 8. HP: 51/51 MP: 8/8
  4117 | D:5      | Noticed Duvessa
  4119 | D:5      | Noticed Sigmund
  4140 | D:4      | HP: 15/51 [orc/flail (3)]
  4147 | D:4      | HP: 9/51 [orc/short sword (4)]
  4258 | D:4      | Reached skill level 6 in Fighting
  4403 | D:5      | Noticed Dowan
  4410 | D:5      | Killed Dowan
  4410 | D:5      | Reached skill level 7 in Short Blades
  4444 | D:5      | HP: 13/51 [Duvessa/short sword of draining (15)]
  4444 | D:5      | HP: 6/51 [Duvessa/short sword of draining (7)]
  4445 | D:5      | HP: 2/51 [Duvessa/short sword of draining (1)]
  4450 | D:5      | HP: 5/51 [Duvessa/short sword of draining (12)]
  4456 | D:5      | Slain by Prince Ribbit

Vault maps used:
D:1:      minmay_arrival_nine_rooms, serial_park_tiny_2
D:2:      minmay_misc_feat_diagonals
D:3:      grunt_temple_overflow_diamond, vehumet_altar_wand_db,
          lemuel_zombie_altar_yredelemnul, first_bread
D:5:      cheibriados_altar_1, uniq_eustachio, uniq_edmund, uniq_prince_ribbit1,
          uniq_sigmund, uniq_duvessa

Action                   |  1- 3 |  4- 6 |  7- 9 || total
-------------------------+-------+-------+-------++-------
Melee: Hand axe          |    67 |   153 |       ||   220
       Short sword       |       |       |    88 ||    88
 Fire: Shortbow          |       |       |    36 ||    36
Throw: Stone             |     1 |     4 |       ||     5
       Tomahawk          |       |     8 |       ||     8
Evoke: Wand              |     4 |     9 |     2 ||    15
  Use: Potion            |     1 |       |     1 ||     2
       Scroll            |       |     8 |     3 ||    11
 Stab: Sleeping          |     3 |    13 |       ||    16
       Distracted        |       |     1 |       ||     1
  Eat: Chunk             |     9 |     7 |     4 ||    20

Table legend:
 A = Turns spent in this place as a percentage of turns spent in the entire game.
 B = Non-inter-level travel turns spent in this place as a percentage of non-inter-level travel turns spent in the entire game.
 C = Inter-level travel turns spent in this place as a percentage of turns spent in this place.
 D = Turns resting spent in this place as a percentage of non-inter-level travel turns spent in this place.
 E = Turns spent auto-exploring this place as a percentage of non-inter-level travel turns spent in this place.
 F = Non-inter-level travel turns spent in this place divided by the number of levels of this place that you've seen.
                   A       B       C       D       E      F
               +-------+-------+-------+-------+-------+----------------------
         Total | 100.0 | 100.0 |   0.7 |   2.0 |   4.7 | 347.6
       Dungeon | 100.0 | 100.0 |   0.7 |   2.0 |   4.7 | 347.6
               +-------+-------+-------+-------+-------+----------------------

Vault maps used:
D:1:      minmay_arrival_nine_rooms, serial_park_tiny_2
D:2:      minmay_misc_feat_diagonals
D:3:      grunt_temple_overflow_diamond, vehumet_altar_wand_db,
          lemuel_zombie_altar_yredelemnul, first_bread
D:5:      cheibriados_altar_1, uniq_eustachio, uniq_edmund, uniq_prince_ribbit1,
          uniq_sigmund, uniq_duvessa
